 Dungeon Crawl Stone Soup version 0.29.0-4-gdea44cf6ec (webtiles) character file.

Game seed: 17925025943684981539

23 qw the Chopper (level 3, -1/29 HPs)
             Began as a Formicid Cinder Acolyte on Sept 3, 2022.
             Was a High Priest of Ignis.
             Succumbed to their own poison gas
             ... on level 1 of the Dungeon.
             The game lasted 00:00:22 (907 turns).

qw the Chopper (Formicid Cinder Acolyte)             Turns: 907, Time: 00:00:22

Health: -1/29      AC:  8    Str: 19 (20) XL:     3   Next: 12%
Magic:  4/4        EV:  7    Int: 10 (13) God:    Ignis [*****.]
Gold:   14         SH:  0    Dex:  7 (9)  Spells: 4/4 levels left

rFire   + . .      SeeInvis +   n - +2 hand axe (vamp)
rCold   . . .      Faith    .   (no shield)
rNeg    + . .      Spirit   .   e - +0 chain mail
rPois   .          Reflect  .   (helmet unavailable)
rElec   .          Harm     .   (no cloak)
rCorr   .          Rampage  .   (no gloves)
Will    .....                   (no boots)
Stlth   ..........              (no amulet)
HPRegen 0.09/turn               j - ring of positive energy
MPRegen 0.09/turn               (no ring)

@: lethally poisoned (-1 -> -7)
A: permanent stasis, dig shafts and tunnels, antennae 3, four strong arms
a: Dig, Shaft Self, Renounce Religion, Fiery Armour, Foxfire Swarm, Rising Flame


You were on level 1 of the Dungeon.
You worshipped Ignis.
Ignis was extremely pleased with you.
You visited 1 branch of the dungeon, and saw 1 of its levels.

You collected 14 gold pieces.


Innate Abilities, Weirdness & Mutations

You cannot be hasted, slowed, berserked, paralysed or teleported.
You can dig through walls and to a lower floor.
You have a pair of large antennae on your head. (SInv)
Your four strong arms can wield two-handed weapons with a shield.


   Skills:
 - Level 3.2 Fighting
 - Level 4.1 Axes
 + Level 0.0 Armour
 - Level 1.1 Spellcasting
 - Level 3.0 Fire Magic


You had 4 spell levels left.
You didn't know any spells.
Your spell library contained the following spells:

 Spells                   Type           Power      Damage    Failure   Level
 Scorch                   Fire           12%        2d6       91%         2

Inventory:

Hand Weapons
 a - a -1 hand axe of flaming
 n - a +2 vampiric hand axe (weapon)
Missiles
 g - 2 boomerangs of dispersal (quivered)
Armour
 e - a +0 chain mail (worn)
Jewellery
 j - a ring of positive energy (left hand)
Potions
 c - a potion of invisibility {unknown}
 h - a potion of attraction {unknown}
 i - a potion of heal wounds {unknown}
 k - a potion of brilliance {unknown}
 l - a potion of haste {unknown}

Dungeon Overview and Level Annotations

Branches:
Dungeon (1/15)

Altars:


Message History

As you read the scroll labelled MOLUDGH UPTIOW, it crumbles to dust.
The air around you briefly surges with heat, but it dissipates.
It was a scroll of immolation.
Done exploring.
898 ||| READING scroll labelled GIMIDO PIRUI.
The air fills with toxic fumes!
As you read the scroll labelled GIMIDO PIRUI, it crumbles to dust.
It was a scroll of poison.
Done exploring.
899 ||| DRINKING 2 sedimented purple potions.
It was a potion of degeneration.
There was something very wrong with that liquid.
You feel weakened.
You feel dopey.
You feel clumsy.
Done exploring.
900 ||| DROPPING potion of degeneration.
You drop a potion of degeneration.
Done exploring.
(D) Dungeon
Where to? (* - list waypoints, ? - help)
What level of the Dungeon? (default 1, ? - help) Sorry, I don't know how to get there.
Done exploring.
901 ||| Stepping randomly (stuck).
Really walk into that cloud of poison gas?
You are engulfed in poison gas.
You are poisoned.
You feel very sick.
902 ||| Stepping ~*~*~tactically~*~*~ (cloud).
You feel very sick.
Things that are here:
a potion of degeneration; a +0 robe
There is a lethal amount of poison in your body!
You feel very sick.
There is a lethal amount of poison in your body!
You feel sick.
There is a lethal amount of poison in your body!
You feel very sick.
There is a lethal amount of poison in your body!
You feel sick.
There is a lethal amount of poison in your body!
You die...

#.........#
#.#######.# #.#
#.# #.# #.# #.##
#.# ...#### #.#
......###.#
)..#...##¤########
#........¤¤0¤¤¤¤@#
#.#.###.#¤¤#####¤#
#...# #....# #0#
#.#.###.##.# #¤#
#.#.....##.### #¤#
#.###.##.....# #0#
..# #.##.###.###0#
#####....# #....0#
##...##.###.#####


There were no monsters in sight!

Vanquished Creatures
  A gnoll (D:1)
  2 bats (D:1)
  2 giant cockroaches (D:1)
  2 goblins (D:1)
  2 hobgoblins (D:1)
  A kobold (D:1)
  2 ball pythons (D:1)
12 creatures vanquished.

Notes
Turn   | Place    | Note
-------+----------+-------------------------------------------
     0 | D:1      | qw the Formicid Cinder Acolyte began the quest for the Orb.
     0 | D:1      | Reached XP level 1. HP: 18/18 MP: 2/2
     0 | D:1      | 0 ||| qw: Version: 0.1-a-102-g441f92d
     0 | D:1      | 0 ||| qw: Game counter: 5252
     0 | D:1      | 0 ||| qw: Always use a shield: true
     0 | D:1      | 0 ||| qw: God list: Okawaru
     0 | D:1      | 0 ||| qw: Allow faded altars: false
     0 | D:1      | 0 ||| qw: Do Orc after D:15 true
     0 | D:1      | 0 ||| qw: Do second Lair branch before Depths: true
     0 | D:1      | 0 ||| qw: Lair rune preference: random
     0 | D:1      | 0 ||| qw: Plans: Normal
     0 | D:1      | 0 ||| PLANNING D:1-11
   214 | D:1      | Reached XP level 2. HP: 18/24 MP: 3/3
   329 | D:1      | 329 ||| Stepping ~*~*~tactically~*~*~ (stealth).
   749 | D:1      | Reached skill level 4 in Axes
   749 | D:1      | Reached XP level 3. HP: 27/29 MP: 4/4
   849 | D:1      | 849 ||| SWAPPING to +2 vampiric hand axe.
   885 | D:1      | 885 ||| UPGRADING to +0 chain mail.
   895 | D:1      | 895 ||| DROPPING +0 robe.
   896 | D:1      | 896 ||| UPGRADING to ring of positive energy.
   897 | D:1      | 897 ||| READING scroll labelled MOLUDGH UPTIOW.
   898 | D:1      | 898 ||| READING scroll labelled GIMIDO PIRUI.
   899 | D:1      | 899 ||| DRINKING 2 sedimented purple potions.
   900 | D:1      | 900 ||| DROPPING potion of degeneration.
   901 | D:1      | 901 ||| Stepping randomly (stuck).
   902 | D:1      | 902 ||| Stepping ~*~*~tactically~*~*~ (cloud).
   903 | D:1      | HP: 7/29 [poisoned by you (poison gas)]
   905 | D:1      | HP: 2/29 [poisoned by you (poison gas)]
   907 | D:1      | Succumbed to their own poison gas

Levels and vault maps discovered:
D:1:      wheals_arrival_shading, layout_loops_ring

Skill      XL: |  1  2 |
---------------+-------+-----
Axes           | 4 |  4.1
Fighting       | |  3.2
Spellcasting   | |  1.1
Fire Magic     | |  3.0

Action                   || total
-------------------------++-------
Melee: Hand axe          ||    32
Throw: Boomerang         ||     3
  Use: Scroll            ||     2
       Potion            ||     1
Armor: Robe              ||     7
Dodge: Dodged            ||    18

Table legend:
 A = Non-vault XP
 B = Vault XP
 C = Vault XP percentage of total XP
 D = Non-vault monster count
 E = Vault monster count
 F = Vault count percentage of total count
                 A         B        C        D         E       F
            +---------+---------+-------+---------+---------+-------
      Total |      34 |       0 |   0.0 |      12 |       0 |   0.0
            +---------+---------+-------+---------+---------+-------
        D:1 |      34 |       0 |   0.0 |      12 |       0 |   0.0
            +---------+---------+-------+---------+---------+-------
